Workbook

Sheet Plan de Mejoramiento
A1: FORMULACIÓN PLAN DE MEJORAMIENTO | O1: SEGUIMIENTO
A2: ÍTEM | B2: NO CONFORMIDAD / HALLAZGO / OBSERVACIÓN | C2: ORIGEN | D2: FECHA DE IDENTIFICACIÓN | E2: PROCESO / DEPENDENCIA | F2: RESPONSABLE | G2: REQUISITO AFECTADO | H2: CAUSAS PROBABLES | I2: ACCIÓN DE MEJORA | J2: INDICADOR DE CUMPLIMIENTO | K2: META | L2: RESPONSABLE DEL CUMPLIMIENTO DE LA ACCIÓN | M2: FECHA DE INICIO | N2: FECHA DE FINALIZACIÓN | O2: FECHA DE SEGUIMIENTO | P2: RESPONSABLE DEL SEGUIMIENTO | Q2: OBSERVACIONES | R2: ESTADO DE LA ACCIÓN
A3: 1 | B3: PRESUPUESTO La ejecución presupuestal de ingresos de 2012, rendida a este Órgano de Control en la cuenta anual, reporta adiciones por $1.096.242 miles, las cuales fueron soportadas con los decretos relacionados en el cuadro Nº 1, sin que estos recursos hubieran ingresado en su totalidad al tesoro del Instituto, situación contraria al artículo 82 del Decreto 111 de 1996. | C3: Informe de auditorías internas externa | D3: 41671 | E3: FINANCIERA Y CONTABILIDAD | F3: =+IF((E3=Hoja2!$B$25),Hoja2!$C$25,IF((E3=Hoja2!$B$26),Hoja2!$C$26,IF((E3=Hoja2!$B$27),Hoja2!$C$27,IF((E3=Hoja2!$B$28),Hoja2!$C$28,IF((E3=Hoja2!$B$29),Hoja2!$C$29,IF((E3=Hoja2!$B$30),Hoja2!$C$30,IF((E3=Hoja2!$B$31),Hoja2!$C$31,IF((E3=Hoja2!$B$32),Hoja2!$C$32,IF((E3=Hoja2!$B$33),Hoja2!$C$33,IF((E3=Hoja2!$B$34),Hoja2!$C$34,IF((E3=Hoja2!$B$35),Hoja2!$C$35,IF((E3=Hoja2!$B$36),Hoja2!$C$36,IF((E3=Hoja2!$B$37),Hoja2!$C$37,IF((E3=Hoja2!$B$38),Hoja2!$C$38,IF((E3= ""),""))))))))))))))) -> SUBDIRECCIÓN ADMINISTRATIVA Y FINANCIERA | G3: N.A | H3: No existe procedimiento para la ejecucion presupuestal de ingresos | I3: Diseñar, implementar y socializar un procedimiento para Ejecución presupuetal de ingresos. | J3: Procedimiento implementado y socializado | K3: 1 | M3: 41671 | N3: 41820
A4: 2 | B4: Los recursos de IVA Telefonía celular, destinados por el Decreto Nº 4934 de 2009 a los municipios para fomento y desarrollo deportivo e infraestructura, ingresaron a la Tesorería Departamental en julio de 2012 por $578.399 miles, de los cuales solo giró al Instituto $239.000 miles, sin que se observe gestiones de cobro por parte de Idermeta | C4: Informe de auditorías internas externa | D4: 41671 | E4: FINANCIERA Y CONTABILIDAD | F4: =+IF((E4=Hoja2!$B$25),Hoja2!$C$25,IF((E4=Hoja2!$B$26),Hoja2!$C$26,IF((E4=Hoja2!$B$27),Hoja2!$C$27,IF((E4=Hoja2!$B$28),Hoja2!$C$28,IF((E4=Hoja2!$B$29),Hoja2!$C$29,IF((E4=Hoja2!$B$30),Hoja2!$C$30,IF((E4=Hoja2!$B$31),Hoja2!$C$31,IF((E4=Hoja2!$B$32),Hoja2!$C$32,IF((E4=Hoja2!$B$33),Hoja2!$C$33,IF((E4=Hoja2!$B$34),Hoja2!$C$34,IF((E4=Hoja2!$B$35),Hoja2!$C$35,IF((E4=Hoja2!$B$36),Hoja2!$C$36,IF((E4=Hoja2!$B$37),Hoja2!$C$37,IF((E4=Hoja2!$B$38),Hoja2!$C$38,IF((E4= ""),""))))))))))))))) -> SUBDIRECCIÓN ADMINISTRATIVA Y FINANCIERA | G4: N.A | H4: Escaso seguimiento de las rentas que corresponden por Ley al Instituto | I4: Realizar Seguimiento mensual a cada una de las rentas del Instituto en la Tesoreria Departamental | J4: 100% de las rentas recaudadas | K4: 11 | M4: 41671 | N4: 42004
A5: 3 | B5: Mediante Resolución 159 de noviembre 28 de 2012 se modificó el presupuesto por valor de $217.900 miles y con Resolución 161 de diciembre 4 de 2012 efectúan la misma modificación, ambos casos firmadas por el Director General del Instituto Hernando Martínez Aguilera, sin embargo solo una resolución modificó el presupuesto. Esta situación revela deficiencias en los controles en los registros de los actos administrativos que modifican el presupuesto | C5: Informe de auditorías internas externa | D5: 41671 | E5: FINANCIERA Y CONTABILIDAD | F5: =+IF((E5=Hoja2!$B$25),Hoja2!$C$25,IF((E5=Hoja2!$B$26),Hoja2!$C$26,IF((E5=Hoja2!$B$27),Hoja2!$C$27,IF((E5=Hoja2!$B$28),Hoja2!$C$28,IF((E5=Hoja2!$B$29),Hoja2!$C$29,IF((E5=Hoja2!$B$30),Hoja2!$C$30,IF((E5=Hoja2!$B$31),Hoja2!$C$31,IF((E5=Hoja2!$B$32),Hoja2!$C$32,IF((E5=Hoja2!$B$33),Hoja2!$C$33,IF((E5=Hoja2!$B$34),Hoja2!$C$34,IF((E5=Hoja2!$B$35),Hoja2!$C$35,IF((E5=Hoja2!$B$36),Hoja2!$C$36,IF((E5=Hoja2!$B$37),Hoja2!$C$37,IF((E5=Hoja2!$B$38),Hoja2!$C$38,IF((E5= ""),""))))))))))))))) -> SUBDIRECCIÓN ADMINISTRATIVA Y FINANCIERA | G5: N.A | H5: Deficiencia en los controles de los registros de actos administrativos | I5: Diseñar, implementar y socializar un procedimiento para elaboración de modificaciones presupuestales | J5: Procedimiento implementado y socializado | K5: 1 | M5: 41671 | N5: 41820
A6: 4 | B6: LIGA DE LEVANTAMIENTO DE PESAS DEL META En virtud del Convenio 098 de 2009 suscrito entre Idermeta y la Liga de Pesas adquirió a su nombre, elementos y equipos deportivos, interpretando tales equipos como elementos de consumo. Este Órgano de Control rechaza tal apreciación, si se tiene en cuenta, en primer lugar, que la totalidad de los recursos fueron aportados por Idermeta y en segundo lugar, que no se trata de bienes de consumo que se extinguen con el primer uso, como se registró de manera deliberada en el Comprobante de Baja de consumo Nº 107 del 15 de diciembre de 2009, sino que corresponden a elementos devolutivos, los cuales, como en este caso, no es procedente que sean adquiridos por las ligas. | C6: Informe de auditorías internas externa | D6: 41671 | E6: RECURSOS FISICOS | F6: =+IF((E6=Hoja2!$B$25),Hoja2!$C$25,IF((E6=Hoja2!$B$26),Hoja2!$C$26,IF((E6=Hoja2!$B$27),Hoja2!$C$27,IF((E6=Hoja2!$B$28),Hoja2!$C$28,IF((E6=Hoja2!$B$29),Hoja2!$C$29,IF((E6=Hoja2!$B$30),Hoja2!$C$30,IF((E6=Hoja2!$B$31),Hoja2!$C$31,IF((E6=Hoja2!$B$32),Hoja2!$C$32,IF((E6=Hoja2!$B$33),Hoja2!$C$33,IF((E6=Hoja2!$B$34),Hoja2!$C$34,IF((E6=Hoja2!$B$35),Hoja2!$C$35,IF((E6=Hoja2!$B$36),Hoja2!$C$36,IF((E6=Hoja2!$B$37),Hoja2!$C$37,IF((E6=Hoja2!$B$38),Hoja2!$C$38,IF((E6= ""),""))))))))))))))) -> SUBDIRECCIÓN ADMINISTRATIVA Y FINANCIERA | G6: N.A | H6: La falta de concrecion y definicion en los respectivos convenios de cooperacion sobre el destino y propiedad de estos bienes | I6: Solicitar mediante oficio a la liga de Pesas la devolución del Gimnasio para pesas- | J6: Bien contabilizado en los activos del instituto y controlado por Almacén | K6: 1 | M6: 41671 | N6: 41729
A7: 5 | B7: LIGA DE LEVANTAMIENTO DE PESAS DEL META En virtud del Convenio 098 de 2009 suscrito entre Idermeta y la Liga de Pesas adquirió a su nombre, elementos y equipos deportivos, interpretando tales equipos como elementos de consumo. Este Órgano de Control rechaza tal apreciación, si se tiene en cuenta, en primer lugar, que la totalidad de los recursos fueron aportados por Idermeta y en segundo lugar, que no se trata de bienes de consumo que se extinguen con el primer uso, como se registró de manera deliberada en el Comprobante de Baja de consumo Nº 107 del 15 de diciembre de 2009, sino que corresponden a elementos devolutivos, los cuales, como en este caso, no es procedente que sean adquiridos por las ligas. | C7: Informe de auditorías internas externa | D7: 41671 | E7: RECURSOS FISICOS | F7: =+IF((E7=Hoja2!$B$25),Hoja2!$C$25,IF((E7=Hoja2!$B$26),Hoja2!$C$26,IF((E7=Hoja2!$B$27),Hoja2!$C$27,IF((E7=Hoja2!$B$28),Hoja2!$C$28,IF((E7=Hoja2!$B$29),Hoja2!$C$29,IF((E7=Hoja2!$B$30),Hoja2!$C$30,IF((E7=Hoja2!$B$31),Hoja2!$C$31,IF((E7=Hoja2!$B$32),Hoja2!$C$32,IF((E7=Hoja2!$B$33),Hoja2!$C$33,IF((E7=Hoja2!$B$34),Hoja2!$C$34,IF((E7=Hoja2!$B$35),Hoja2!$C$35,IF((E7=Hoja2!$B$36),Hoja2!$C$36,IF((E7=Hoja2!$B$37),Hoja2!$C$37,IF((E7=Hoja2!$B$38),Hoja2!$C$38,IF((E7= ""),""))))))))))))))) -> SUBDIRECCIÓN ADMINISTRATIVA Y FINANCIERA | G7: N.A | H7: La falta de concrecion y definicion en los respectivos convenios de cooperacion sobre el destino y propiedad de estos bienes | I7: Entregar mediante comodato los elementos devolutivos entregados a las Ligas | J7: Bien contabilizado en los activos del instituto y controlado por Almacén | K7: 1 | M7: 41671 | N7: 41729
A8: 6 | B8: LIGA DE LEVANTAMIENTO DE PESAS DEL META En virtud del Convenio 098 de 2009 suscrito entre Idermeta y la Liga de Pesas adquirió a su nombre, elementos y equipos deportivos, interpretando tales equipos como elementos de consumo. Este Órgano de Control rechaza tal apreciación, si se tiene en cuenta, en primer lugar, que la totalidad de los recursos fueron aportados por Idermeta y en segundo lugar, que no se trata de bienes de consumo que se extinguen con el primer uso, como se registró de manera deliberada en el Comprobante de Baja de consumo Nº 107 del 15 de diciembre de 2009, sino que corresponden a elementos devolutivos, los cuales, como en este caso, no es procedente que sean adquiridos por las ligas. | C8: Informe de auditorías internas externa | D8: 41671 | E8: RECURSOS FISICOS | F8: =+IF((E8=Hoja2!$B$25),Hoja2!$C$25,IF((E8=Hoja2!$B$26),Hoja2!$C$26,IF((E8=Hoja2!$B$27),Hoja2!$C$27,IF((E8=Hoja2!$B$28),Hoja2!$C$28,IF((E8=Hoja2!$B$29),Hoja2!$C$29,IF((E8=Hoja2!$B$30),Hoja2!$C$30,IF((E8=Hoja2!$B$31),Hoja2!$C$31,IF((E8=Hoja2!$B$32),Hoja2!$C$32,IF((E8=Hoja2!$B$33),Hoja2!$C$33,IF((E8=Hoja2!$B$34),Hoja2!$C$34,IF((E8=Hoja2!$B$35),Hoja2!$C$35,IF((E8=Hoja2!$B$36),Hoja2!$C$36,IF((E8=Hoja2!$B$37),Hoja2!$C$37,IF((E8=Hoja2!$B$38),Hoja2!$C$38,IF((E8= ""),""))))))))))))))) -> SUBDIRECCIÓN ADMINISTRATIVA Y FINANCIERA | G8: N.A | H8: La falta de concrecion y definicion en los respectivos convenios de cooperacion sobre el destino y propiedad de estos bienes | I8: Entregar mediante comodato los elementos devolutivos entregados a las Ligas | J8: Bien contabilizado en los activos del instituto y controlado por Almacén | K8: 1 | M8: 41671 | N8: 41820
A9: 7 | B9: LIGA DE BOXEO DEL META Idermeta y la Liga de Boxeo del Meta en la vigencia 2012 suscribieron el Convenio de Cooperación 322 de 2012 por la suma de $130.000.000, con el objeto de apoyar económicamente esta disciplina para sufragar gastos que demanda la organización de las veladas boxísticas para las diferentes categorías. En dicho convenio no se especificó el valor del aporte de la Liga en la organización del evento de las veladas boxísticas de manera que se estructurara un verdadero convenio de asociación al amparo del Decreto 777 de 1992 y 1403 del mismo año y artículo 96 de la Ley 489 de 1998. Aunque no se evidencia en los documentos allegados por la entidad los gastos asociados a la organización del evento se puede colegir que la Liga dispuso de medios técnicos, logísticos y administrativos para el cumplimiento del objeto del mismo, pues la actividad deportiva se desarrolló a través de la Liga de Boxeo | C9: Informe de auditorías internas externa | D9: 41671 | E9: CONTRATACIÓN | F9: =+IF((E9=Hoja2!$B$25),Hoja2!$C$25,IF((E9=Hoja2!$B$26),Hoja2!$C$26,IF((E9=Hoja2!$B$27),Hoja2!$C$27,IF((E9=Hoja2!$B$28),Hoja2!$C$28,IF((E9=Hoja2!$B$29),Hoja2!$C$29,IF((E9=Hoja2!$B$30),Hoja2!$C$30,IF((E9=Hoja2!$B$31),Hoja2!$C$31,IF((E9=Hoja2!$B$32),Hoja2!$C$32,IF((E9=Hoja2!$B$33),Hoja2!$C$33,IF((E9=Hoja2!$B$34),Hoja2!$C$34,IF((E9=Hoja2!$B$35),Hoja2!$C$35,IF((E9=Hoja2!$B$36),Hoja2!$C$36,IF((E9=Hoja2!$B$37),Hoja2!$C$37,IF((E9=Hoja2!$B$38),Hoja2!$C$38,IF((E9= ""),""))))))))))))))) -> OFICINA PLANEACIÓN | G9: N.A | H9: Falta de reglamentación por parte de la entidad que involucre el aporte de las ESAL | I9: Expedir reglamento para la contratación por convenios con ESAL | J9: Reglamento expedido y socializado | K9: 1 | M9: 41671 | N9: 42004
A10: 8 | B10: En cuanto al aporte de $85.000 miles de la Fundación, representado en capacitación a integrantes de la delegación en temáticas relacionadas con los procesos metodológicos, deportivos y de bioseguridad, no se encontró en los estudios previos los ítems que determinan el valor del aporte,numeros de horas,¿numero y perfil de catedraticos, entre otros. De otra parte señala el convenio, las capacitaciones debian ejecutarse durante la realizacion de los xIX juegos nacionales y III paranacionales 2012,y no podria ser otra, pues de lo contrario, | C10: Informe de auditorías internas externa | D10: 41671 | E10: CONTRATACIÓN | F10: =+IF((E10=Hoja2!$B$25),Hoja2!$C$25,IF((E10=Hoja2!$B$26),Hoja2!$C$26,IF((E10=Hoja2!$B$27),Hoja2!$C$27,IF((E10=Hoja2!$B$28),Hoja2!$C$28,IF((E10=Hoja2!$B$29),Hoja2!$C$29,IF((E10=Hoja2!$B$30),Hoja2!$C$30,IF((E10=Hoja2!$B$31),Hoja2!$C$31,IF((E10=Hoja2!$B$32),Hoja2!$C$32,IF((E10=Hoja2!$B$33),Hoja2!$C$33,IF((E10=Hoja2!$B$34),Hoja2!$C$34,IF((E10=Hoja2!$B$35),Hoja2!$C$35,IF((E10=Hoja2!$B$36),Hoja2!$C$36,IF((E10=Hoja2!$B$37),Hoja2!$C$37,IF((E10=Hoja2!$B$38),Hoja2!$C$38,IF((E10= ""),""))))))))))))))) -> OFICINA PLANEACIÓN | G10: N.A | H10: Falta de reglamentación por parte de la entidad que involucre el aporte de las ESAL | I10: Expedir reglamento para la contratación por convenios con ESAL | J10: Reglamento expedido y socializado | K10: 1 | M10: 41671 | N10: 42004
A11: 9 | B11: ESTADOS CONTABLES Se evidenció que el Instituto Departamental de Recreación y Deporte efectúa conciliación mensual en cada una de las cuentas bancarias, esta labor es realizada por la Tesorería del Instituto, lo que puede constituir un factor de riesgo. | C11: Informe de auditorías internas externa | D11: 41671 | E11: FINANCIERA Y CONTABILIDAD | F11: =+IF((E11=Hoja2!$B$25),Hoja2!$C$25,IF((E11=Hoja2!$B$26),Hoja2!$C$26,IF((E11=Hoja2!$B$27),Hoja2!$C$27,IF((E11=Hoja2!$B$28),Hoja2!$C$28,IF((E11=Hoja2!$B$29),Hoja2!$C$29,IF((E11=Hoja2!$B$30),Hoja2!$C$30,IF((E11=Hoja2!$B$31),Hoja2!$C$31,IF((E11=Hoja2!$B$32),Hoja2!$C$32,IF((E11=Hoja2!$B$33),Hoja2!$C$33,IF((E11=Hoja2!$B$34),Hoja2!$C$34,IF((E11=Hoja2!$B$35),Hoja2!$C$35,IF((E11=Hoja2!$B$36),Hoja2!$C$36,IF((E11=Hoja2!$B$37),Hoja2!$C$37,IF((E11=Hoja2!$B$38),Hoja2!$C$38,IF((E11= ""),""))))))))))))))) -> SUBDIRECCIÓN ADMINISTRATIVA Y FINANCIERA | G11: N.A | H11: No se cumple con el Manual de funciones | I11: Realizar conciliación bancaria en el área contable | J11: Cuentas bancarias depuradas | K11: 1 | M11: 41671 | N11: 43281
A12: 10 | B12: La estructura de las conciliaciones bancarias, generadas por el sistema Pymisis, no identifica las partidas conciliatorias como cheques pendientes de cobro, notas crédito no registradas, consignaciones pendientes, notas débito no registradas, lo cual impide el control del efectivo y expone a riesgo el patrimonio del Instituto | C12: Informe de auditorías internas externa | D12: 41671 | E12: FINANCIERA Y CONTABILIDAD | F12: =+IF((E12=Hoja2!$B$25),Hoja2!$C$25,IF((E12=Hoja2!$B$26),Hoja2!$C$26,IF((E12=Hoja2!$B$27),Hoja2!$C$27,IF((E12=Hoja2!$B$28),Hoja2!$C$28,IF((E12=Hoja2!$B$29),Hoja2!$C$29,IF((E12=Hoja2!$B$30),Hoja2!$C$30,IF((E12=Hoja2!$B$31),Hoja2!$C$31,IF((E12=Hoja2!$B$32),Hoja2!$C$32,IF((E12=Hoja2!$B$33),Hoja2!$C$33,IF((E12=Hoja2!$B$34),Hoja2!$C$34,IF((E12=Hoja2!$B$35),Hoja2!$C$35,IF((E12=Hoja2!$B$36),Hoja2!$C$36,IF((E12=Hoja2!$B$37),Hoja2!$C$37,IF((E12=Hoja2!$B$38),Hoja2!$C$38,IF((E12= ""),""))))))))))))))) -> SUBDIRECCIÓN ADMINISTRATIVA Y FINANCIERA | G12: N.A | H12: Reporte del Sistema PYMISIS no garantiza efectivo control a los recursos en bancos | I12: Realizar modificación al reporte de conciliación que genera PYMISIS | J12: Conciliaciones bancarias como mecanismo de control del efectivo | K12: 1 | M12: 41671 | N12: 41820
A13: 11 | B13: La cuenta 1420 Avances y Anticipos entregados se encuentra sobreestimada por $148.360 miles, debido a que el convenio de Cooperación y Asociación Nº 149 de 2012 aparece pendiente de legalizar en el Balance General, pese a que existe acta de liquidación entre Idermeta y el Contratista del 31 de diciembre de 2012. | C13: Informe de auditorías internas externa | D13: 41671 | E13: FINANCIERA Y CONTABILIDAD | F13: =+IF((E13=Hoja2!$B$25),Hoja2!$C$25,IF((E13=Hoja2!$B$26),Hoja2!$C$26,IF((E13=Hoja2!$B$27),Hoja2!$C$27,IF((E13=Hoja2!$B$28),Hoja2!$C$28,IF((E13=Hoja2!$B$29),Hoja2!$C$29,IF((E13=Hoja2!$B$30),Hoja2!$C$30,IF((E13=Hoja2!$B$31),Hoja2!$C$31,IF((E13=Hoja2!$B$32),Hoja2!$C$32,IF((E13=Hoja2!$B$33),Hoja2!$C$33,IF((E13=Hoja2!$B$34),Hoja2!$C$34,IF((E13=Hoja2!$B$35),Hoja2!$C$35,IF((E13=Hoja2!$B$36),Hoja2!$C$36,IF((E13=Hoja2!$B$37),Hoja2!$C$37,IF((E13=Hoja2!$B$38),Hoja2!$C$38,IF((E13= ""),""))))))))))))))) -> SUBDIRECCIÓN ADMINISTRATIVA Y FINANCIERA | G13: N.A | H13: No existe procedimiento para la contabilización de los anticipos entregados en los contratos | I13: Hacer procedimiento para la contabilización de los anticpos entregados en la contratación | J13: Cuenta 1420 avances y anticipos razonable | K13: 1 | M13: 41671 | N13: 41820
A14: 12 | B14: Así mismo, se encuentra subestimada por $15.850 miles, porque un avance girado mediante comprobante de egreso Nº 132, el 11 de abril de 2012, a favor del señor Alberto Escobar Delgado, no fue contabilizado en esta cuenta | C14: Informe de auditorías internas externa | D14: 41671 | E14: FINANCIERA Y CONTABILIDAD | F14: =+IF((E14=Hoja2!$B$25),Hoja2!$C$25,IF((E14=Hoja2!$B$26),Hoja2!$C$26,IF((E14=Hoja2!$B$27),Hoja2!$C$27,IF((E14=Hoja2!$B$28),Hoja2!$C$28,IF((E14=Hoja2!$B$29),Hoja2!$C$29,IF((E14=Hoja2!$B$30),Hoja2!$C$30,IF((E14=Hoja2!$B$31),Hoja2!$C$31,IF((E14=Hoja2!$B$32),Hoja2!$C$32,IF((E14=Hoja2!$B$33),Hoja2!$C$33,IF((E14=Hoja2!$B$34),Hoja2!$C$34,IF((E14=Hoja2!$B$35),Hoja2!$C$35,IF((E14=Hoja2!$B$36),Hoja2!$C$36,IF((E14=Hoja2!$B$37),Hoja2!$C$37,IF((E14=Hoja2!$B$38),Hoja2!$C$38,IF((E14= ""),""))))))))))))))) -> SUBDIRECCIÓN ADMINISTRATIVA Y FINANCIERA | G14: N.A | H14: No existe procedimiento para la contabilización de los anticipos entregados en los contratos | I14: Hacer procedimiento para la contabilización de los anticpos entregados en la contratación | J14: Cuenta 1420 avances y anticipos razonable | K14: 1 | M14: 41671 | N14: 41820
... A19: 17 | B19: Existe incertidumbre en el saldo presentado en los estados contables en la cuenta 2403 transferencias por cobrar, por las siguientes razones: Según el Decreto 041 de 2013, se establecen reservas de apropiación a diciembre 31 de 2012 por este concepto por valor de $230.965 miles. Según certificación, expedida por la Subdirectora Administrativa y Financiera, el valor a pagar a diciembre 31 de 2012 es $299.954 miles. Dichos valores difieren también de la cuenta del Banco BBVA Nº 96017176, destinada a esta transferencia a Municipios, presenta un saldo de $426.810. Adicionalmente no está registrado el pago efectuado por la Gobernación del Meta, con recursos de IVA telefonía celular por valor de $239.000 miles, ni el saldo por cobrar por esta renta $339.399 miles. | C19: Informe de auditorías internas externa | D19: 41671 | E19: FINANCIERA Y CONTABILIDAD | F19: =+IF((E19=Hoja2!$B$25),Hoja2!$C$25,IF((E19=Hoja2!$B$26),Hoja2!$C$26,IF((E19=Hoja2!$B$27),Hoja2!$C$27,IF((E19=Hoja2!$B$28),Hoja2!$C$28,IF((E19=Hoja2!$B$29),Hoja2!$C$29,IF((E19=Hoja2!$B$30),Hoja2!$C$30,IF((E19=Hoja2!$B$31),Hoja2!$C$31,IF((E19=Hoja2!$B$32),Hoja2!$C$32,IF((E19=Hoja2!$B$33),Hoja2!$C$33,IF((E19=Hoja2!$B$34),Hoja2!$C$34,IF((E19=Hoja2!$B$35),Hoja2!$C$35,IF((E19=Hoja2!$B$36),Hoja2!$C$36,IF((E19=Hoja2!$B$37),Hoja2!$C$37,IF((E19=Hoja2!$B$38),Hoja2!$C$38,IF((E19= ""),""))))))))))))))) -> SUBDIRECCIÓN ADMINISTRATIVA Y FINANCIERA | G19: N.A | H19: Falta de conciliación entre las areas de presupuesto, contabiidad, tesoreria y contratación | I19: Realizar conciliaciones trimestrales entre las áreas de presupuesto, contabilidad, tesorería y contratación | J19: Estados financieros razonables | K19: 4 | M19: 41671 | N19: 42004
A20: 18 | B20: Revisado los estudios previos que reposan en los expedientes de los convenios se evidencio que el presupuesto determinado para el proceso contractual lo determino el Instituto de Deportes y Recreacion del Departamento del Meta fundamentado en las cotizaciones que presento directamente la liga dejando a discrecion de esta el establecimiento de precios sin confrontar dichos valores en el mercado | C20: Informe de auditorías internas externa | D20: 42702 | E20: CONTRATACIÓN | F20: =+IF((E20=Hoja2!$B$25),Hoja2!$C$25,IF((E20=Hoja2!$B$26),Hoja2!$C$26,IF((E20=Hoja2!$B$27),Hoja2!$C$27,IF((E20=Hoja2!$B$28),Hoja2!$C$28,IF((E20=Hoja2!$B$29),Hoja2!$C$29,IF((E20=Hoja2!$B$30),Hoja2!$C$30,IF((E20=Hoja2!$B$31),Hoja2!$C$31,IF((E20=Hoja2!$B$32),Hoja2!$C$32,IF((E20=Hoja2!$B$33),Hoja2!$C$33,IF((E20=Hoja2!$B$34),Hoja2!$C$34,IF((E20=Hoja2!$B$35),Hoja2!$C$35,IF((E20=Hoja2!$B$36),Hoja2!$C$36,IF((E20=Hoja2!$B$37),Hoja2!$C$37,IF((E20=Hoja2!$B$38),Hoja2!$C$38,IF((E20= ""),""))))))))))))))) -> OFICINA PLANEACIÓN | G20: N.A | H20: No existe procedimiento para el establecimiento de estudios de precios en el mercado | I20: Diseñar, implementar y socializar el procedimiento para la realizacion de los estudios de mercados directamente para el Instituto de deportes y recreacion del meta Idermeta | J20: procedimiento implementado y socializado | K20: 1 | L20: Oficina de Planeación | M20: 42702 | N20: 42735
A21: 19 | B21: No presento libros de contabilidad físicos o electrónicos ni evidencia suficiente que permitiera verificar las operaciones reportadas en el balance general a 31 de diciembre de 2017 y estado de actividad económica, social y ambiental del 01 de enero al 31 de diciembre de 2017 | C21: Informe de auditorías internas externa | D21: 43241 | E21: FINANCIERA Y CONTABILIDAD | F21: =+IF((E21=Hoja2!$B$25),Hoja2!$C$25,IF((E21=Hoja2!$B$26),Hoja2!$C$26,IF((E21=Hoja2!$B$27),Hoja2!$C$27,IF((E21=Hoja2!$B$28),Hoja2!$C$28,IF((E21=Hoja2!$B$29),Hoja2!$C$29,IF((E21=Hoja2!$B$30),Hoja2!$C$30,IF((E21=Hoja2!$B$31),Hoja2!$C$31,IF((E21=Hoja2!$B$32),Hoja2!$C$32,IF((E21=Hoja2!$B$33),Hoja2!$C$33,IF((E21=Hoja2!$B$34),Hoja2!$C$34,IF((E21=Hoja2!$B$35),Hoja2!$C$35,IF((E21=Hoja2!$B$36),Hoja2!$C$36,IF((E21=Hoja2!$B$37),Hoja2!$C$37,IF((E21=Hoja2!$B$38),Hoja2!$C$38,IF((E21= ""),""))))))))))))))) -> SUBDIRECCIÓN ADMINISTRATIVA Y FINANCIERA | G21: N.A | H21: El 24 de febrero de 2018, se presento un hakeo del servidor del Instituto a traves del virus ACCDFISA V2.0 mediante el cual la informacion financiera fue encripatada para cuya devolucion los delincuentes pedian USD 4.000, según lo manifesto el Ingeniero de Sistemas, Angel Mauricio avellaneda Barreto, en denuncia N°500016105671201801070 de la Fiscalia General de la Nación. | I21: Reconstruir la informacion y presentar libros de contabilidad electrónicos que permitan verificar las operaciones reportados en el balance general a 31 de diciembre de 2017 y estado de actividad económica, social y ambiental del 01 de enero al 31 de diciembre de 2017. | J21: Disponer de libros de contabilidad electrónicos que permitan verificar las operaciones reportados en el balance general a 31 de diciembre de 2017 y estado de actividad económica, social y ambiental del 01 de enero al 31 de diciembre de 2017. | K21: 1 | M21: 43241 | N21: 23/07/2018
A22: 20 | B22: No tener copias de seguridad que salvaguardara la información financiera | C22: Informe de auditorías internas externa | D22: 43241 | E22: FINANCIERA Y CONTABILIDAD | F22: =+IF((E22=Hoja2!$B$25),Hoja2!$C$25,IF((E22=Hoja2!$B$26),Hoja2!$C$26,IF((E22=Hoja2!$B$27),Hoja2!$C$27,IF((E22=Hoja2!$B$28),Hoja2!$C$28,IF((E22=Hoja2!$B$29),Hoja2!$C$29,IF((E22=Hoja2!$B$30),Hoja2!$C$30,IF((E22=Hoja2!$B$31),Hoja2!$C$31,IF((E22=Hoja2!$B$32),Hoja2!$C$32,IF((E22=Hoja2!$B$33),Hoja2!$C$33,IF((E22=Hoja2!$B$34),Hoja2!$C$34,IF((E22=Hoja2!$B$35),Hoja2!$C$35,IF((E22=Hoja2!$B$36),Hoja2!$C$36,IF((E22=Hoja2!$B$37),Hoja2!$C$37,IF((E22=Hoja2!$B$38),Hoja2!$C$38,IF((E22= ""),""))))))))))))))) -> SUBDIRECCIÓN ADMINISTRATIVA Y FINANCIERA | G22: N.A | H22: Falta de salvaguarda de la informacion financiera | I22: Establecer la politica y el proceso de seguridad de la información y proteccion de datos de la, entidad mediante un acto administrativo. | J22: Implementar política de seguridad de la informacion y proteccion de datos | K22: 1 | M22: 43241 | N22: 23/07/2018
A23: 21 | B23: Contrato 007 de 2011: arrendamiento de parqueaderos. 1. "Se evidenció que la señora Dladys Maria Noha Moreno no cumplió a cabalidad lo pactado en el pago de cánones de arrendamiento, a la vez que la entidad contratante permitió pagos parciales e incumplimiento de cánones de arrendamiento". 2. "No se ha liquidado el contrato". | C23: Informe de auditorías internas externa | D23: 43469 | E23: CONTRATACIÓN | F23: =+IF((E23=Hoja2!$B$25),Hoja2!$C$25,IF((E23=Hoja2!$B$26),Hoja2!$C$26,IF((E23=Hoja2!$B$27),Hoja2!$C$27,IF((E23=Hoja2!$B$28),Hoja2!$C$28,IF((E23=Hoja2!$B$29),Hoja2!$C$29,IF((E23=Hoja2!$B$30),Hoja2!$C$30,IF((E23=Hoja2!$B$31),Hoja2!$C$31,IF((E23=Hoja2!$B$32),Hoja2!$C$32,IF((E23=Hoja2!$B$33),Hoja2!$C$33,IF((E23=Hoja2!$B$34),Hoja2!$C$34,IF((E23=Hoja2!$B$35),Hoja2!$C$35,IF((E23=Hoja2!$B$36),Hoja2!$C$36,IF((E23=Hoja2!$B$37),Hoja2!$C$37,IF((E23=Hoja2!$B$38),Hoja2!$C$38,IF((E23= ""),""))))))))))))))) -> OFICINA PLANEACIÓN | G23: ADMNISTRATIVO - DISCIPLINARIO | H23: Debilidades del control y seguimiento del contrato desconociéndose de esta manera, entre otros, las funciones del supervisor | I23: 1. Instaurar las acciones legales pertinentes respecto al incumplimiento contractual, el procedimiento de liquidación del contrato y demás que procedan. 2. Realizar dos capacitaciones anuales en materia de supervisión de contratos | J23: 1. Proceder con las acciones legales de incumplimiento y de liquidación del contrato. 2. Capacitar a los funcionarios públicos respecto a la supervisión de contratos | K23: 1. Demandas instauradas. 2. Dos Capacitaciones | L23: Oficina de Planeación | M23: 43469
A24: 22 | B24: Contrato 425 de 2018: Alquiler del complejo deportivo denominado Coliseo Álvaro Mesa Amaya. 1. "Se evidencio que el Idermeta no elaboró estudios previos". 2. "No realizo el cobro del arrendamiento del escenario deportivo, conforma a la tabla de tarifas". | C24: Informe de auditorías internas externa | D24: 43469 | E24: CONTRATACIÓN | F24: =+IF((E24=Hoja2!$B$25),Hoja2!$C$25,IF((E24=Hoja2!$B$26),Hoja2!$C$26,IF((E24=Hoja2!$B$27),Hoja2!$C$27,IF((E24=Hoja2!$B$28),Hoja2!$C$28,IF((E24=Hoja2!$B$29),Hoja2!$C$29,IF((E24=Hoja2!$B$30),Hoja2!$C$30,IF((E24=Hoja2!$B$31),Hoja2!$C$31,IF((E24=Hoja2!$B$32),Hoja2!$C$32,IF((E24=Hoja2!$B$33),Hoja2!$C$33,IF((E24=Hoja2!$B$34),Hoja2!$C$34,IF((E24=Hoja2!$B$35),Hoja2!$C$35,IF((E24=Hoja2!$B$36),Hoja2!$C$36,IF((E24=Hoja2!$B$37),Hoja2!$C$37,IF((E24=Hoja2!$B$38),Hoja2!$C$38,IF((E24= ""),""))))))))))))))) -> OFICINA PLANEACIÓN | G24: ADMNISTRATIVO - DISCIPLINARIO - FISCAL | H24: Debilidades en la elaboración de los estudios previos, y minuta contractual desconociéndose de esta manera, entre otros, la etapa de planeación y contratación | I24: 1. Elaborar una lista de chequeo de los documentos requeridos para generar un proceso de arrendamiento. 2. Elaborar formato de estudios previos para procesos de arrendamiento. 3. Corregir el error aritmético de # horas en la liquidación del Contrato N° 425 de 2018. 4. Efectuar socialización del Acuerdo 001 de 2014 a los responsables de contratación de la Oficina de Planeación y Asuntos Administrativos | J24: 1. Elaborar lista de chequeo. 2. Elaborar formato de estudios previos. 3. Elaborar acta de Liquidación del Contrato. 4. Socializar tabla de tarifas de arrendamiento para evitar inconsistencias | K24: 1. Documento de lista de chequeo elaborado y socializado a los responsables de la contratación. 2. Documento de estudios previos. 3. Acta de Liquidación. 4. Una socialización del Acuerdo 001 de 2014 | L24: Oficina de Planeación | M24: 43469
A25: 23 | B25: La cuenta 1635 Bienes Muebles en Bodega esta sobreestimada en $644.862 miles, esto teniendo en cuenta que "representa el valor de los bienes muebles nuevos, adquiridos a cualquier título, los cuales se espera serán usados por la entidad durante más de un periodo contable para la producción o suministros de bienes, para la presentación de servicios o para propósitos administrativos. En esta cuenta no deben registrarse los bienes que se retiran del servicio de manera temporal o definitiva. | C25: Informe de auditorías internas externa | D25: 43626 | E25: FINANCIERA Y CONTABILIDAD | F25: =+IF((E25=Hoja2!$B$25),Hoja2!$C$25,IF((E25=Hoja2!$B$26),Hoja2!$C$26,IF((E25=Hoja2!$B$27),Hoja2!$C$27,IF((E25=Hoja2!$B$28),Hoja2!$C$28,IF((E25=Hoja2!$B$29),Hoja2!$C$29,IF((E25=Hoja2!$B$30),Hoja2!$C$30,IF((E25=Hoja2!$B$31),Hoja2!$C$31,IF((E25=Hoja2!$B$32),Hoja2!$C$32,IF((E25=Hoja2!$B$33),Hoja2!$C$33,IF((E25=Hoja2!$B$34),Hoja2!$C$34,IF((E25=Hoja2!$B$35),Hoja2!$C$35,IF((E25=Hoja2!$B$36),Hoja2!$C$36,IF((E25=Hoja2!$B$37),Hoja2!$C$37,IF((E25=Hoja2!$B$38),Hoja2!$C$38,IF((E25= ""),""))))))))))))))) -> SUBDIRECCIÓN ADMINISTRATIVA Y FINANCIERA | G25: N.A | H25: los traslados entre funcionarios o devoluciones al almacen por retiros definitivos de estos de la entidad, se contabilizan en las cuentas de propiedad planta y equipo pertinente, difernte a la cuenta de bienes muebles en bodega. | I25: Actualizacion de los procesos y procedimeitos de ingresos y salidas del modulo de almacen el cual alimenta el modulo fianciero de la entidad. | J25: Procedimiento implementado y socializado de ingreso y salidad e almacen | K25: 1 | L25: Auxiliar administrativo almacén | M25: 43626 | N25: 43830
C29: FIRMA | H29: FIRMA | M29: CUMPLIMIENTO EFECTIVO DEL PLAN | P29: Acciones efectivas | Q29: =+COUNTIF(R3:R26,Hoja2!B21) -> 0 | R29: =+IFERROR(Q29/Q31,0) -> 0
C30: NOMBRE | H30: NOMBRE | M30: CUMPLIMIENTO DE ACCIONES DEL PLAN | P30: Acciones cerradas | Q30: =+COUNTIF(R3:R25,Hoja2!B21)+COUNTIF(R3:R25,Hoja2!B22) -> 0 | R30: =+IFERROR(Q30/Q31,0) -> 0
C31: CARGO | H31: CONTROL INTERNO | M31: Total de Acciones | Q31: =+COUNT(A3:A1048576) -> 23 | R31: =+R30+R29 -> 0

Sheet Hoja2
B1: AC CORRECTIVA
B2: AC PREVENTIVA | D2: No cumple | E2: 0
D3: Cumple | E3: 1
A4: 1 | B4: Seguimiento y medición de los procesos
A5: 2 | B5: Incumplimiento de los resultados planificados
A6: 3 | B6: Resultado del análisis de las peticiones, quejas o reclamos.
A7: 4 | B7: Resultado del análisis del producto no conforme.
A8: 5 | B8: Resultado del análisis de datos (Indicadores de Gestión)
A9: 6 | B9: Evaluación satisfacción del cliente
A10: 7 | B10: Resultado de la autoevaluación de procesos
A11: 8 | B11: Revisión gestión del riesgo
A12: 9 | B12: Informe de auditorías internas
A13: 10 | B13: Informe de auditorías internas externa
A14: 11 | B14: Informe auditoria externa
A15: 12 | B15: Resultado de la Revisión por parte de la dirección.
A16: 13 | B16: Otros
B19: ABIERTA
B20: ABIERTA VENCIDA
B21: CERRADA EFICAZMENTE
B22: CIERRE INEFICAZ
B24: PROCESO DEPENDENCIA | C24: RESPONSABLE
B25: ATENCIÓN AL CIUDADANO | C25: SUBDIRECCIÓN ADMINISTRATIVA Y FINANCIERA
B26: COMUNICACIÓN INSTITUCIONAL | C26: DIRECCIÓN GENERAL
B27: CONTRATACIÓN | C27: OFICINA PLANEACIÓN
B28: CONTROL INTERNO | C28: OFICINA CONTROL INTERNO
B29: DEFENSA JURIDICA | C29: DIRECCIÓN GENERAL
B30: DIRECCIÓN | C30: DIRECCIÓN GENERAL
B31: ESCENARIOS DEPORTIVOS | C31: DIRECCIÓN GENERAL
B32: FINANCIERA Y CONTABILIDAD | C32: SUBDIRECCIÓN ADMINISTRATIVA Y FINANCIERA
B33: GESTIÓN DOCUMENTAL | C33: SUBDIRECCIÓN ADMINISTRATIVA Y FINANCIERA
B34: PLANEACIÓN | C34: OFICINA PLANEACIÓN
B35: RECURSOS FISICOS | C35: SUBDIRECCIÓN ADMINISTRATIVA Y FINANCIERA
... B38: TALENTO HUMANO | C38: SUBDIRECCIÓN ADMINISTRATIVA Y FINANCIERA

Sheet Hoja1
